Map: Overgrowth LE (Void)

Players

IIIIIIIIII

  • Race: Protoss Protoss
  • League: Grandmaster
  • Spawn Location: 1:00

WinterSC - Winner!

  • Race: Protoss Protoss
  • League: Master
  • Spawn Location: 7:00

VOD

Have the link to the VOD?

Description

Time

  • Played on: Jan. 14, 2017, 7:31 a.m.
  • Length: 8:21
Show
View Real Time Build Order
Export as new Build Order

IIIIIIIIII Protoss 

Build Orders: Oracle Opening 

Get SALT Encoding   

  12  0:01  Probe (Chrono Boost)  
  13  0:12  Probe (Chrono Boost)  
  14  0:18  Pylon  
  14  0:22  Probe (Chrono Boost)  
  15  0:37  Probe (Chrono Boost), Gateway  
  15  0:42  Assimilator  
  16  0:47  Probe (Chrono Boost)  
  17  0:53  Assimilator  
  17  0:58  Probe (Chrono Boost)  
  18  1:05  Gateway  
  18  1:10  Probe (Chrono Boost)  
  19  1:21  Probe (Chrono Boost)  
  19  1:25  Cybernetics Core  
  20  1:31  Probe (Chrono Boost)  
  20  1:42  Probe (Chrono Boost)  
  20  1:43  Pylon  
  21  1:52  Probe (Chrono Boost)  
  24  2:01  Adept  
  24  2:03  Adept, Warp Gate  
  24  2:07  Mothership Core (Chrono Boost)  
  28  2:17  Pylon  
  28  2:28  Probe (Chrono Boost)  
  29  2:33  Stargate  
  28  2:40  Probe (Chrono Boost)  
  28  2:42  Stalker  
  31  2:51  Pylon  
  32  3:00  Probe (Chrono Boost), Stalker  
  34  3:11  Oracle  
  35  3:38  Probe (Chrono Boost), Robotics Facility  
  35  3:50  Probe (Chrono Boost)  
  35  3:52  Pylon  
  36  4:03  Probe (Chrono Boost)  
  36  4:06  Stalker  
  36  4:08  Void Ray  
  42  4:19  Pylon  
  43  4:48  Immortal  
  43  4:58  Pylon  
  34  5:02  Stalker x2  
  24  5:21  Probe (Chrono Boost)  
  23  5:32  Probe (Chrono Boost)  
  23  5:33  Sentry  
  27  5:42  Probe (Chrono Boost)  
  27  5:53  Probe (Chrono Boost)  
  28  6:03  Probe (Chrono Boost)  
  29  6:14  Probe (Chrono Boost)  
  30  6:25  Probe (Chrono Boost)  
  31  6:31  Nexus  
  31  6:34  Pylon  
  31  6:35  Probe (Chrono Boost)  
  32  6:46  Mothership Core (Chrono Boost)  
  34  7:04  Oracle  
  34  7:05  Probe (Chrono Boost)  
  38  7:17  Probe (Chrono Boost)  
  39  7:30  Probe (Chrono Boost)  
  39  7:31  Immortal  
  42  7:42  Probe (Chrono Boost)  
  43  7:45  Probe (Chrono Boost)  
  44  7:54  Probe (Chrono Boost)  
  44  7:56  Probe (Chrono Boost)  
  46  8:01  Assimilator  
  47  8:06  Probe x2 (Chrono Boost)  
Show
View Real Time Build Order
Export as new Build Order

WinterSC Protoss - Winner!

Build Orders:  

Get SALT Encoding   

  12  0:01  Probe (Chrono Boost)  
  13  0:11  Probe (Chrono Boost)  
  14  0:17  Pylon  
  14  0:22  Probe (Chrono Boost)  
  15  0:36  Probe (Chrono Boost)  
  15  0:37  Gateway  
  16  0:46  Probe (Chrono Boost)  
  16  0:47  Assimilator  
  18  0:57  Probe (Chrono Boost)  
  18  0:59  Assimilator  
  18  1:05  Gateway  
  18  1:08  Probe (Chrono Boost)  
  20  1:18  Probe (Chrono Boost)  
  20  1:24  Cybernetics Core  
  20  1:29  Probe (Chrono Boost)  
  21  1:38  Pylon  
  21  1:41  Probe (Chrono Boost)  
  22  1:50  Warp Gate  
  24  2:02  Stalker x2  
  26  2:09  Pylon  
  27  2:15  Probe (Chrono Boost)  
  27  2:29  Mothership Core (Chrono Boost), Gateway  
  29  2:34  Stalker  
  31  2:42  Stalker  
  33  2:50  Pylon  
  33  3:11  Gateway  
  33  3:41  Probe (Chrono Boost)  
  33  3:50  Nexus  
  33  3:54  Stalker x2  
  37  3:58  Stalker  
  39  4:21  Stalker  
  39  4:23  Probe (Chrono Boost)  
  38  4:28  Sentry x2  
  38  4:29  Robotics Facility  
  42  4:37  Probe (Chrono Boost)  
  43  4:42  Stalker  
  38  5:00  Probe (Chrono Boost)  
  38  5:12  Probe (Chrono Boost)  
  38  5:14  Stalker  
  33  5:24  Probe (Chrono Boost)  
  33  5:26  Probe (Chrono Boost)  
  32  5:36  Probe (Chrono Boost)  
  32  5:37  Immortal  
  32  5:38  Probe (Chrono Boost)  
  37  5:48  Probe (Chrono Boost)  
  37  5:49  Probe (Chrono Boost)  
  39  5:51  Adept x2  
  43  6:00  Probe (Chrono Boost)  
  45  6:04  Probe (Chrono Boost), Pylon  
  45  6:09  Sentry  
  48  6:12  Probe (Chrono Boost)  
  48  6:14  Probe (Chrono Boost)  
  49  6:25  Probe (Chrono Boost)  
  50  6:27  Stalker  
  50  6:29  Adept x2  
  50  6:32  Probe (Chrono Boost)  
  56  6:37  Probe (Chrono Boost)  
  57  6:40  Stalker  
  57  6:42  Probe (Chrono Boost)  
  57  6:44  Pylon  
  60  6:50  Adept  
  62  6:56  Adept  
  64  7:04  Probe (Chrono Boost)  
  64  7:05  Probe (Chrono Boost)  
  66  7:10  Sentry  
  66  7:11  Adept  
  66  7:13  Zealot  
  73  7:17  Probe x2 (Chrono Boost)  
  74  7:29  Probe (Chrono Boost)  
  75  7:31  Warp Prism  
  75  7:34  Probe (Chrono Boost)  
  76  7:37  Pylon  
  76  7:38  Sentry, Pylon  
  76  7:43  Assimilator  
  78  7:47  Assimilator  
  78  7:56  Sentry  
  78  7:57  Adept, Probe (Chrono Boost)  
  78  7:58  Adept  
  85  8:01  Probe (Chrono Boost)  
  85  8:03  Adept  
  87  8:09  Probe (Chrono Boost)  
Tags
 
Add a new tag
Caveats
  • Supply blocks, unpowered buildings, or Contaminate may cause inaccurate times.
  • Supply counts are checked every 10 seconds.